 Dungeon Crawl Stone Soup version 0.21-a0-72-gbbb65ab (webtiles) character file.

2160 Ijustatesigmund the Skirmisher (level 9, 0/64 HPs)
             Began as an Octopode Artificer on June 20, 2017.
             Slain by a hippogriff (6 damage)
             ... on level 7 of the Dungeon.
             The game lasted 00:19:51 (7893 turns).

Ijustatesigmund the Skirmisher (Octopode Artificer) Turns: 7893, Time: 00:19:53

Health: 0/64       AC:  1    Str: 11    XL:     9   Next: 31%
Magic:  0/11       EV: 16    Int: 14    God:
Gold:   291        SH:  0    Dex: 15    Spells: 5/8 levels left

rFire    . . .     SeeInvis .   k - +3 dagger (venom)
rCold    . . .     Gourm    .   (no shield)
rNeg     . . .     Faith    .   (helmet restricted)
rPois    .         Spirit   +   x - amulet of guardian spirit
rElec    .         Reflect  .   (no ring)
rCorr    .         Harm     .   (no ring)
MR       .....     Clarity  +   (no ring)
Stlth    +++.......             (no ring)
HPRegen  0.20/turn              (no ring)
MPRegen  0.12/turn              (no ring)
                                (no ring)
                                (no ring)

@: no status effects
A: almost no armour, stealthy swim, amphibious, 8 rings, constrict 8, tentacle
spike 1, camouflage 1, clarity, deterioration 1, gelatinous body 1
a: no special abilities


You were on level 7 of the Dungeon.
You were not hungry.

You visited 2 branches of the dungeon, and saw 8 of its levels.
You also visited: Ossuary.

You collected 291 gold pieces.

Inventory:

Hand Weapons
 a - a +0 short sword
 k - a +3 dagger of venom (weapon)
Jewellery
 x - an amulet of guardian spirit (around mantle)
Wands
 b - a wand of flame (10/48)
 c - a wand of enslavement (9/24)
 d - a wand of random effects (12/48)
 n - a wand of iceblast (8/15)
Scrolls
 i - 6 scrolls of identify
 l - a scroll of random uselessness
 o - 3 scrolls of enchant armour
 p - 6 scrolls of remove curse
 q - a scroll of teleportation
 r - 2 scrolls of amnesia
 v - a scroll of blinking
Potions
 e - 2 potions of ambrosia
 g - 4 potions of brilliance
 h - 4 potions of curing
 m - 2 potions of agility
 t - a potion of heal wounds
 u - 2 potions of flight
 w - a potion of haste {unknown}
 z - a potion of resistance {unknown}
Books
 y - a book of Minor Magic

   Spells                             Type                      Level
   a - Magic Dart                     Conjuration                  1
   b - Blink                          Translocation                2
   c - Call Imp                       Summoning                    2
   d - Slow                           Hexes                        2
   e - Conjure Flame                  Conjuration/Fire             3
   f - Mephitic Cloud                 Conjuration/Poison/Air       3
Comestibles
 f - 3 bread rations
 j - 6 meat rations
 s - 2 royal jellies
 A - a chunk of flesh


   Skills:
 - Level 7.3 Fighting
 - Level 7.2 Short Blades
 - Level 5.4 Dodging
 - Level 1.3 Stealth
 + Level 2.2 Conjurations
 + Level 2.2 Translocations
 - Level 3.2 Evocations


You had 5 spell levels left.
You knew the following spells:

 Your Spells              Type           Power        Failure   Level  Hunger
a - Magic Dart            Conj           #...         12%         1    ##.....
b - Blink                 Tloc           N/A          19%         2    ###....


Dungeon Overview and Level Annotations

Branches:
Dungeon (7/15)             Temple (1/1) D:6

Altars:
Dithmenos
Elyvilon
Fedhas
Gozag
Hepliaklqana
Kikubaaqudgha
Makhleb
Nemelex Xobeh
Ru
Trog
Uskayaw
Vehumet
Wu Jian
Xom
Yredelemnul
Zin
The Shining One


Innate Abilities, Weirdness & Mutations

You cannot wear most types of armour.
You are very stealthy in the water. (Stealth+)
You are amphibious.
You can wear up to eight rings at the same time.
You can use your tentacles to constrict eight enemies at once.
Your skin changes colour to match your surroundings (Stealth+).
Your rubbery body absorbs attacks. (AC +1, EV +1)
One of your tentacles bears a spike.
You possess an exceptional clarity of mind.
Your body sometimes deteriorates upon taking damage.


Message History

You are too injured to fight recklessly!
You hit the hippogriff.
The hippogriff looks as sick as possible!
The hippogriff is severely wounded.
You hit the hippogriff.
The hippogriff looks as sick as possible!
Your tentacle spike misses the hippogriff.
The hippogriff is severely wounded.
The hippogriff bites you! The hippogriff pecks you.
* * * LOW HITPOINT WARNING * * *
The hippogriff claws you!
* * * LOW HITPOINT WARNING * * *
You hit the hippogriff.
The hippogriff looks as sick as possible!
You squeeze the hippogriff.
The hippogriff is almost dead.
The hippogriff bites you!
* * * LOW HITPOINT WARNING * * *
The hippogriff pecks you!
You die...

#. .....# #..
.....# #...
#....#
#...####....##
#............
#..........##
#...........#
#.....[.(.##.###
#..####@.).....#
#.....H.#.##.#.#
#.#####.#.#
#.#.# #.#..
#.#.# #....
.....


You could see a hippogriff.

Vanquished Creatures
  Pikel (D:6)
  Sigmund (D:2)
  Eustachio (D:5)
  A water moccasin (D:6)
  An ice beast (D:7)
  A sky beast (D:5)
  An orc warrior (D:7)
  A centaur (D:5)
  2 elf zombies (Ossuary)
  4 orc wizards
  2 howler monkeys (D:7)
  2 centaur zombies (Ossuary)
  2 crimson imps
  2 orc priests
  2 hounds
  Crazy Yiuf (D:4)
  A human zombie (Ossuary)
  A bullfrog skeleton (D:4)
  A centaur skeleton (D:4)
  A gnoll shaman (D:5)
  Jessica (D:3)
  An iguana (D:5)
  A worker ant (D:6)
  2 hound zombies (Ossuary)
  A hound skeleton (D:6)
  4 mummies
  3 gnolls
  7 adders
  2 oozes
  2 adder zombies (Ossuary)
  An adder skeleton (D:5)
  A worm (D:2)
  A dart slug (D:2)
  3 leopard geckos
  11 orcs
  6 giant cockroaches
  2 gnoll zombies (Ossuary)
  20 goblins
  10 hobgoblins
  5 jackals
  6 bats
  3 frilled lizards
  2 goblin zombies (Ossuary)
  10 hobgoblin zombies
  2 jackal skeletons
  6 jackal zombies (Ossuary)
  10 kobolds
  3 kobold zombies (Ossuary)
  An orc zombie (D:4)
  2 quokka zombies
  6 rats
  A rat zombie (Ossuary)
165 creatures vanquished.

Vanquished Creatures (collateral kills)
  An orc wizard (D:3)
  8 orcs
  A rat (D:3)
10 creatures vanquished.

Vanquished Creatures (others)
  A slave (D:6)
  Robin (D:3)
  3 gnolls (D:5)
5 creatures vanquished.

Grand Total: 180 creatures vanquished

Notes
Turn   | Place    | Note
-------+----------+-------------------------------------------
     0 | D:1      | Ijustatesigmund the Octopode Artificer began the quest for the Orb.
     0 | D:1      | Reached XP level 1. HP: 13/13 MP: 3/3
   110 | D:1      | Reached XP level 2. HP: 13/18 MP: 4/4
   365 | D:1      | Reached XP level 3. HP: 20/24 MP: 5/5
   608 | D:2      | Reached XP level 4. HP: 25/29 MP: 6/6
  1046 | D:2      | Noticed Sigmund
  1490 | D:3      | Noticed Jessica
  1498 | D:3      | Killed Jessica
  1498 | D:3      | Reached XP level 5. HP: 36/36 MP: 7/7
  2289 | D:3      | Noticed Robin
  2290 | D:3      | Reached XP level 6. HP: 39/42 MP: 8/8
  2311 | D:3      | Your ally died
  3036 | D:2      | Killed Sigmund
  3169 | D:4      | Reached XP level 7. HP: 46/48 MP: 9/9
  3269 | D:4      | Reached skill level 5 in Short Blades
  3394 | D:4      | Found a sand-covered staircase.
  3404 | Ossuary  | Entered an ossuary
  3628 | Ossuary  | Noticed grindst0ne's ghost (novice FoFi)
  3637 | Ossuary  | Reached skill level 5 in Fighting
  4266 | Ossuary  | Reached XP level 8. HP: 52/56 MP: 10/10
  4619 | D:4      | Found a runed door.
  4622 | D:4      | Gained mutation: Your body sometimes deteriorates upon taking damage. [potion of mutation]
  4622 | D:4      | Gained mutation: One of your tentacles bears a spike. [potion of mutation]
  4622 | D:4      | Gained mutation: You possess an exceptional clarity of mind. [potion of mutation]
  4627 | D:4      | Noticed Crazy Yiuf
  4631 | D:4      | Killed Crazy Yiuf
  4737 | D:4      | Found a sparkling altar of Nemelex Xobeh.
  4949 | D:5      | Entered Level 5 of the Dungeon
  6016 | D:5      | Noticed Eustachio
  6041 | D:5      | Killed Eustachio
  6041 | D:5      | Reached skill level 5 in Dodging
  6263 | D:6      | Found a staircase to the Ecumenical Temple.
  6272 | Temple   | Entered the Ecumenical Temple
  6563 | D:6      | Noticed Pikel
  6579 | D:6      | Killed Pikel
  6579 | D:6      | Reached XP level 9. HP: 21/64 MP: 11/11
  7109 | D:6      | Learned a level 1 spell: Magic Dart
  7112 | D:6      | Learned a level 2 spell: Blink
  7506 | D:6      | Reached skill level 1 in Conjurations
  7506 | D:6      | Reached skill level 1 in Translocations
  7893 | D:7      | Slain by a hippogriff

Vault maps used:
D:1:      eino_arrival_cavern_d
D:2:      uniq_sigmund
D:3:      uniq_robin, uniq_jessica
D:4:      nicolae_ossuary_entry_giza, nemelex_spade_bored_becter,
          uniq_crazy_yiuf_cottage
D:5:      first_bread, uniq_eustachio
D:6:      minmay_temple_entry_statues_pillars, uniq_pikel
D:7:      grunt_temple_overflow_open, serial_shops, kennysheep_little_box,
          nicolae_shop_trees, shop, shop, shop_fountains,
          minmay_stone_trees_large, grunt_livestock, lemuel_tele_altar
Temple:   minmay_temple_bridge_d
Ossuary:  minmay_ossuary_two_tombs

Skill      XL: |  1  2  3  4  5  6  7  8  9 |
---------------+----------------------------+-----
Short Blades   | 2 3 4 5 7 |  7.2
Fighting       | 2 3 4 5 7 |  7.3
Dodging        | 3 4 5 |  5.4
Conjurations   | 2 |  2.2
Translocations | 2 |  2.2
Stealth        | |  1.3
Evocations     | |  3.2

Action                   |  1- 3 |  4- 6 |  7- 9 || total
-------------------------+-------+-------+-------++-------
Melee: Short sword       |    60 |    37 |       ||    97
       Constrict         |    18 |    23 |    71 ||   112
       Tentacles         |     8 |    18 |    93 ||   119
       Dagger            |       |    70 |   325 ||   395
       Kick              |       |       |    42 ||    42
 Cast: Magic Dart        |       |       |     1 ||     1
Evoke: Wand              |       |     8 |    13 ||    21
  Use: Potion            |     3 |     2 |     2 ||     7
       Scroll            |     4 |     3 |     5 ||    12
 Stab: Sleeping          |     5 |     5 |    10 ||    20
       Distracted        |       |     2 |       ||     2
  Eat: Bread ration      |       |     1 |     1 ||     2
       Chunk             |       |     3 |     6 ||     9
       Royal jelly       |       |       |     2 ||     2
Armor: Skin              |     1 |    13 |     4 ||    18
Dodge: Dodged            |    35 |    76 |   158 ||   269
